 Dungeon Crawl Stone Soup version 0.28-a0-850-g09de17f (webtiles) character file.

Game seed: 9857752665861453477

539 Meow the Firebug (level 7, -7/55 HPs)
             Began as a Naga Fire Elementalist on Nov 13, 2021.
             Was an Initiate of Gozag.
             Mangled by a gnoll (15 damage)
             ... on level 6 of the Dungeon.
             The game lasted 00:09:07 (3575 turns).

Meow the Firebug (Naga Fire Elementalist)           Turns: 3575, Time: 00:09:08

Health: -7/55      AC:  4    Str:  7 (10) XL:     7   Next: 26%
Magic:  5/13       EV: 10    Int: 16 (17) God:    Gozag
Gold:   133        SH:  0    Dex: 16 (18) Spells: 11/14 levels left

rFire   . . .      SeeInvis +   a - +0 long sword
rCold   . . .      Faith    .   (no shield)
rNeg    . . .      Spirit   .   r - +1 robe
rPois   +          Reflect  .   (no helmet)
rElec   .          Harm     .   (no cloak)
rCorr   .          Rampage  .   (no gloves)
Will    .....                   (no barding)
Stlth   ++........              (no amulet)
HPRegen 0.18/turn               c - +6 ring of dexterity
MPRegen 0.13/turn               (no ring)

@: weak-willed, very slow
A: AC +2, large, see invisible, deformed body, poison resistance, slowness 2,
spit poison 1, naga tail 1
a: Spit Poison, Renounce Religion, Potion Petition, Call Merchant, Bribe Branch


You were on level 6 of the Dungeon.
You worshipped Gozag.
Gozag was aware of your devotion.
You visited 2 branches of the dungeon, and saw 7 of its levels.

You collected 182 gold pieces.
You paid 49 gold pieces to Gozag.

Inventory:

Hand Weapons
 a - a +0 long sword (weapon)
 b - a +0 quarterstaff
Missiles
 e - 16 poisoned darts
 i - 107 stones
 o - 46 arrows
Armour
 r - a +1 robe (worn)
Jewellery
 c - a +6 ring of dexterity (left hand)
Wands
 t - a wand of charming (10)
Scrolls
 h - 2 scrolls of amnesia
 j - a scroll of identify
 n - 2 scrolls of fog
Potions
 f - a potion of mutation {unknown}
 g - a potion of curing {unknown}
 k - a potion of brilliance {unknown}
 p - a potion of berserk rage {unknown}


   Skills:
 - Level 1.5 Dodging
 - Level 3.0 Stealth
 + Level 4.3 Spellcasting
 + Level 4.3 Conjurations
 + Level 5.2 Fire Magic


You had 11 spell levels left.
You knew the following spells:

 Your Spells              Type           Power      Damage    Failure   Level
a - Foxfire               Conj/Fire      72%        2x1d7     2%          1
b - Scorch                Fire           40%        2d7       3%          2

Your spell library contained the following spells:

 Spells                   Type           Power      Damage    Failure   Level
 Conjure Flame            Conj/Fire      18%        6-21      7%          3
 Inner Flame              Hex/Fire       11%        N/A       17%         3
 Flame Wave               Conj/Fire      18%        3d5       22%         4
 Cause Fear               Hex            1%         N/A       85%         4
 Discord                  Hex            1%         N/A       100%        8


Dungeon Overview and Level Annotations

Branches:
Dungeon (6/15)             Temple (1/1) D:5

Altars:
Ashenzari
Cheibriados
Elyvilon
Fedhas
Gozag
Hepliaklqana
Kikubaaqudgha
Makhleb
Nemelex Xobeh
Okawaru
Qazlal
Ru
Sif Muna
Trog
Uskayaw
Vehumet
Wu Jian
Xom
Yredelemnul
Zin
The Shining One

Annotations:
D:3 Grinder


Innate Abilities, Weirdness & Mutations

Your serpentine skin is tough. (AC +2)
You have supernaturally acute eyesight. (SInv)
Armour fits poorly on your strangely shaped body.
Your system is resistant to poisons. (rPois)
You cover ground very slowly.
You can spit poison.
You have a snake-like lower body.


Message History

Okay, then.
As you read the scroll labelled OBLIXT POIBOSI, it crumbles to dust.
It is a scroll of enchant armour.
Your +0 robe glows green for a moment.
The gnoll barely misses you.
A gnoll comes into view. It is wielding a +0 spear.
The gnoll hits you from afar with a +0 spear.
As you read the scroll labelled FIRHE JYIGEHERHYE, it crumbles to dust.
You feel aware of your surroundings.
It was a scroll of magic mapping.
The gnoll hits you with a +0 flail! The gnoll hits you but does no damage.
As you read the scroll labelled PIROEL WYOTYV, it crumbles to dust.
The creatures around you are filled with an inner flame!
It was a scroll of immolation.
The gnoll closely misses you. The gnoll hits you but does no damage.
The gnoll barely misses you.
The gnoll hits you from afar with a +0 spear.
As you read the scroll labelled SUHISUMEXZE, it crumbles to dust.
Magic quickly surges around you.
It was a scroll of vulnerability.
The gnoll barely misses you. The gnoll hits you with a +0 club.
The gnoll hits you from afar with a +0 halberd.
The gnoll hits you with a +0 flail.
The gnoll hits you from afar with a +0 spear.
Okay, then.
The gnoll hits you with a +0 club. x2
* * * LOW HITPOINT WARNING * * *
The gnoll barely misses you.
Unknown command.
The gnoll barely misses you. The gnoll misses you.
The gnoll hits you with a +0 whip.
* * * LOW HITPOINT WARNING * * *
The gnoll hits you with a +0 club.
* * * LOW HITPOINT WARNING * * *
Unknown command.
The gnoll misses you. The gnoll completely misses you.
Okay, then.
It was a potion of degeneration.
There was something very wrong with that liquid.
You feel weakened.
You feel dopey.
You feel clumsy.
The gnoll hits you from afar with a +0 halberd!
You die...
Your body crumbles into a pile of gold.

*,,,...........##........#..
****#..........##.......##..
*,,...........##.......##..
*,,....................##..
*,,.........g..............
*,,.......g.g..............
*,,......g.g.g.............
*,,......gg####............
**,,.......@# #....#.......
*,,,........#**#....#.....,,
**,,,.........,,..........,,,
*,,,,....#.....,,,.....,,,,*,
*,,,,....#......,,,,,,,,,,,*,
*,,,,...,######..,,,,,,,,,,*,
*,,,,..,,******#..,*,,,,,,,,*
**,,,,,,,,,,,,,*...*,,,,,,,,,
*,,,,,,,,,,,,,*,,,*,,,,,,,,,


You could see 7 gnolls.

Vanquished Creatures
  Edmund (D:6)
  2 scorpions
  A water moccasin skeleton (D:5)
  A centaur zombie (D:5)
  3 hounds
  A gnoll shaman (D:6)
  2 iguanas
  An adder (D:6)
  A white imp (D:5)
  3 dart slugs
  3 orcs
  6 ball pythons
  A bat (D:1)
  6 endoplasms
  4 hobgoblins
  2 quokkas
  2 frilled lizards (D:1)
  5 goblins
  3 kobolds
  A rat (D:2)
49 creatures vanquished.

Vanquished Creatures (others)
  An adder (D:5)
  165 foxfires
166 creatures vanquished.

Grand Total: 215 creatures vanquished

Notes
Turn   | Place    | Note
-------+----------+-------------------------------------------
     0 | D:1      | Meow the Naga Fire Elementalist began the quest for the
                  | Orb.
     0 | D:1      | Reached XP level 1. HP: 15/15 MP: 3/3
   240 | D:1      | Reached XP level 2. HP: 18/22 MP: 1/5
   851 | D:1      | Reached XP level 3. HP: 28/28 MP: 3/6
  1118 | D:2      | Found a faded altar of an unknown god.
  1531 | D:2      | Learned a level 2 spell: Scorch
  1546 | D:3      | Noticed Grinder
  1743 | D:4      | Reached XP level 4. HP: 36/36 MP: 2/8
  1923 | D:4      | Noticed a black bear
  2005 | D:5      | Entered Level 5 of the Dungeon
  2226 | D:5      | Reached skill level 4 in Fire Magic
  2226 | D:5      | Reached XP level 5. HP: 42/42 MP: 3/9
  2615 | D:5      | Reached XP level 6. HP: 49/49 MP: 5/11
  2663 | D:5      | Found a staircase to the Ecumenical Temple.
  2797 | Temple   | Entered the Ecumenical Temple
  3201 | Temple   | Became a worshipper of Gozag Ym Sagoz the Greedy
  3396 | D:6      | Noticed Edmund
  3407 | D:6      | Killed Edmund
  3408 | D:6      | Reached skill level 5 in Fire Magic
  3408 | D:6      | Reached XP level 7. HP: 49/55 MP: 1/13
  3575 | D:6      | Mangled by a gnoll

Illustrated notes

Levels and vault maps discovered:
D:1:      lightli_arrival_maybe_door_vault, layout_loops_ring,
          patterned_corridor
D:2:      layout_basic, ebering_ecumenical_altar_petrified
D:3:      layout_basic, nicolae_dithmenos_shadow_blocks, uniq_jessica,
          uniq_grinder, uniq_sigmund, uniq_robin
D:4:      layout_basic, minmay_misc_feat_columns, uniq_pikel
D:5:      layout_basic, temple_statues, lemuel_flamethrower_2
D:6:      layout_basic, minmay_crystal_water, nrook_pool_corridor,
          uniq_menkaure, uniq_edmund
Temple:   mainiacjoe_temple_trianglar_array

Skill      XL: |  1  2  3  4  5  6 |
---------------+-------------------+-----
Conjurations   | 2 3 4 |  4.3
Spellcasting   | 3 4 |  4.3
Fire Magic     | 4 5 |  5.2
Dodging        | |  1.5
Stealth        | |  3.0

Action                   |  1- 3 |  4- 6 |  7- 9 || total
-------------------------+-------+-------+-------++-------
Melee: Lajatang          |     3 |       |       ||     3
       Long sword        |       |     2 |       ||     2
 Cast: Foxfire           |    38 |    46 |    14 ||    98
       Scorch            |       |     2 |       ||     2
 Abil: Spit Poison       |    20 |     6 |     1 ||    27
  Use: Scroll            |     1 |       |     5 ||     6
       Potion            |       |       |     1 ||     1
Armor: Robe              |     3 |     1 |     2 ||     6
Dodge: Dodged            |    11 |     4 |    10 ||    25

Table legend: (Time is in decaauts)
 A = Elapsed time spent in this place.
 B = Non-inter-level travel time spent in this place.
 C = Inter-level travel time spent in this place.
 D = Time resting spent in this place.
 E = Time spent auto-exploring this place.
 F = Levels seen in this place.
 G = Mean time per level.
                   A        B        C        D        E       F      G
               +--------+--------+--------+--------+--------+-----+--------+
         Total |   4655 |   4221 |    434 |    594 |   2989 |   7 |  665.0 |
       Dungeon |   4063 |   3710 |    353 |    594 |   2479 |   6 |  677.2 |
        Temple |    592 |    512 |     80 |      0 |    509 |   1 |  592.0 |
               +--------+--------+--------+--------+--------+-----+--------+

Top non-repeatable levels by time:
     D:1: 1321 daAuts
     D:5: 1222 daAuts
     D:2: 768 daAuts
  Temple: 592 daAuts
     D:4: 337 daAuts
     D:6: 245 daAuts
     D:3: 167 daAuts
